woodfighter, neutral female human Healer ------ |<...+ |....| |...*-######## +....| |....| +....| ---.-- # ------------ # |.......{... # #%## |..........| # --.-------- # |...........######### |.>.......@a### |.....------ # #-.........| # |..<..| -|----- ###|..........#### ------- |.....| # -----.----- |......######## ------- woodfighter the Embalmer Experience level: 7 Strength: 9 Dexterity: 11 Constitution: 17 Intelligence: 10 Wisdom: 15 Charisma: 18 Health: 0(56) Energy: 6(32) Def: 2 Gold: 73 Moves: 5950 Dungeon seed: rNn4INMXHElQnsPP Game ID: woodfighter_1508534763 Your Inventory: Coins $ - 73 gold pieces Amulets r - an uncursed amulet of flying (being worn) Weapons a - a +0 scalpel (weapon in hand) Armor e - an uncursed +1 pair of leather gloves (being worn) n - an uncursed +0 mummy wrapping (being worn) Comestibles j - 7 blessed eucalyptus leaves k - 2 blessed sprigs of wolfsbane l - 2 blessed cloves of garlic m - 5 uncursed apples A - 5 uncursed lichen corpses L - 5 uncursed food rations O - 2 uncursed sprigs of wolfsbane T - an uncursed banana V - 4 uncursed fortune cookies Wands i - a wand of teleportation (0:5) H - a wand of digging (0:7) Tools b - an uncursed stethoscope s - an uncursed bag of holding y - an uncursed lock pick Spells and supernatural/magical abilities: Name Level Category Fail Memory h - healing 1 healing 0% 71% x - extra healing 3 healing 20% 71% S - stone to flesh 3 healing 35% 71% W - pray for help -- divine ? -- Your skills at the end: Miscellaneous Skills wands [Basic] Weapon Skills knife [Basic] Spellcasting Skills healing spells [Basic] Final Attributes: You were fervently aligned. You were poison resistant. Your writing hand was ok. You were telepathic. You were very stealthy. You could fly. You are dead. Vanquished creatures: 2 giant mimics a soldier ant 3 rock piercers 2 shriekers a gnome lord 2 kobold mummies a red naga hatchling a golden naga hatchling 2 guardian naga hatchlings a gray ooze a straw golem a paper golem a giant ant a puppy 2 floating eyes a kitten a homunculus 2 kobold lords 3 iguanas 2 rothes 2 centipedes 3 jitterbugs a giant bat a monkey an orc zombie 2 dwarf zombies a werejackal 2 gas spores 2 hobbits 7 geckos a hobgoblin 2 cave spiders a yellow mold 3 red molds 2 gnome zombies 7 jackals a fox 4 kobolds 12 newts 7 goblins 3 sewer rats 13 grid bugs 2 bats 13 lichens 2 kobold zombies 126 creatures vanquished. Voluntary challenges: You did not cause conflict. You were not invisible. You did not have reflection. You were not displaced. You had been an atheist until turn 2186. You used a wielded weapon 383 times, starting on turn 54. You did not apply a unicorn horn. You did not use plumbed fixtures. You did not drink any magical draughts. You read items or engraved 1 time, starting on turn 2185. You never genocided any monsters. You never polymorphed an object. You changed form 1 time, starting on turn 3583. You completed Sokoban on turn 5441, according to the rules. You used no wishes. You never split a pudding. You never wrote Elbereth's name. You violated your moral code, losing 5 points of alignment, starting on turn 4512. Dungeon overview: The Dungeons of Doom: levels 1 to 7 Level 1 a long staircase Level 2 a scroll shop Level 3 (vault) a potion shop Level 4 a jewelry store, some fountains stairs to The Gnomish Mines Level 5 many fountains Level 6 <- You were here a fountain stairs to Sokoban Level 7 The Gnomish Mines: Level 5 stairs to The Dungeons of Doom Sokoban: levels 2 to 5 Level 2 a magic chest Level 3 Level 4 Level 5 an altar to Athena, a magic chest stairs to The Dungeons of Doom History has recorded: On T:1 you entered the Dungeons of Doom to retrieve the Amulet of Yendor! On T:223 you reached level 2 of The Dungeons of Doom. On T:423 you advanced to experience level 2. On T:763 you reached level 3 of The Dungeons of Doom. On T:890 you advanced to experience level 3. On T:897 you reached level 4 of The Dungeons of Doom. On T:1267 you reached level 1 of The Gnomish Mines. On T:1430 you reached level 5 of The Dungeons of Doom. On T:1507 you advanced to experience level 4. On T:1609 you reached level 6 of The Dungeons of Doom. On T:1742 you reached level 4 of Sokoban. On T:2182 you opened a magic chest. On T:2218 you reached level 3 of Sokoban. On T:2623 you advanced to experience level 5. On T:2974 you reached level 2 of Sokoban. On T:3906 you reached level 1 of Sokoban. On T:4053 you advanced to experience level 6. On T:5441 you advanced to experience level 7. On T:5441 you entered the Sokoban zoo. On T:5908 you reached level 7 of The Dungeons of Doom. Score breakdown: Gold: 0 ( 0 points) Experience: 7 levels ( 600 points) Exploration: 7 levels ( 180 points) Discoveries: 10 items ( 500 points) Variety of kills: 45 monsters ( 2000 points) Major goal: finished Sokoban ( 1000 points) Survival: died (score multiplied by 3) Total score: 12840 Latest messages: The soldier ant stings! You feel better. The soldier ant bites! The soldier ant stings! You feel better. The soldier ant bites! The soldier ant stings! The soldier ant bites! The soldier ant stings! The soldier ant's sting was poisoned, but it doesn't affect you. You hack the soldier ant. The soldier ant is lightly wounded. The soldier ant bites! The soldier ant stings! You slash the soldier ant. The soldier ant is lightly wounded. The soldier ant bites! The soldier ant stings! The soldier ant bites! The soldier ant stings! You don't have enough energy to cast that spell. The soldier ant bites! You die... The bag of holding is empty. The bag of holding is empty. Final status: Goodbye woodfighter the Healer, killed by a soldier ant... You died in The Dungeons of Doom on dungeon level 6 with 12840 points, and 73 pieces of gold, after 5950 moves. You were level 7 with a maximum of 56 hit points when you died.